 Dungeon Crawl Stone Soup version 0.17-a0-1115-g0372368 (webtiles) character file.

86975 HeyJoe the Tortoise (level 15, 0/126 HPs)
             Began as a Deep Dwarf Berserker on May 23, 2015.
             Was the Champion of Trog.
             Killed from afar by an ice statue (28 damage)
             ... with a bolt of cold
             ... in an ice cave.
             The game lasted 03:39:08 (22230 turns).

HeyJoe the Tortoise (Deep Dwarf Berserker)         Turns: 22230, Time: 03:39:08

Health: 0/126      AC: 25    Str: 27    XL:     15   Next: 42%
Magic:  17/17      EV:  9    Int: 11    God:    Trog [******]
Gold:   1256       SH: 15    Dex: 12    Spells: 0 memorised, 14 levels left

rFire  + . .     SeeInvis .     a - +7 war axe of Checks and Balances {chop, MR+}
rCold  . . .     Clarity  .     f - +2 plate armour {MR+}
rNeg   + . .     SustAt   .     p - +1 shield {reflect}
rPois  +         Gourm    .     J - +2 hat {Int+3}
rElec  +         Spirit   .     i - +0 cloak
rCorr  .         Warding  .     (no gloves)
rMut   .         Stasis   .     o - +1 pair of boots
MR     +++++                    (no amulet)
Stlth  ..........               R - +5 ring of slaying
                                w - ring of Ciucolur {+Inv rElec rF+}

@: flying, non-regenerating, almost entirely resistant to hostile enchantments,
extremely unstealthy
A: damage resistance, recharge devices, negative energy resistance 1, sense
surroundings 2, poison resistance, slow healing 3
a: Device Recharging, Burn Spellbooks, Berserk, Trog's Hand, Brothers in Arms,
Renounce Religion, Evoke Invisibility


You were in an ice cave.
You worshipped Trog.
Trog was exalted by your worship.
You were not hungry.

You visited 6 branches of the dungeon, and saw 25 of its levels.
You also visited: Ice Cave.

You collected 2801 gold pieces.
You spent 1461 gold pieces at shops.

Inventory:

Hand weapons
 a - the +7 war axe of Checks and Balances (weapon) {chop, MR+}
   (You bought it in a shop on level 4 of the Orcish Mines)

   It inflicts extra damage upon your enemies.
   It affects your resistance to hostile enchantments.
 b - a +1 hand axe of flaming
 v - the +9 mace "Peph" {flame, +Rage rElec MP+9 Dex+2}
   (You found it on level 1 of the Spider Nest)

   It has been specially enchanted to burn those struck by it, causing extra
   injury to most foes and up to half again as much damage against particularly
   susceptible opponents.
   It affects your dexterity (+2).
   It insulates you from electricity.
   It affects your magic capacity (+9).
   It lets you go berserk.
 z - a +0 hand axe of distortion
 N - the +8 war axe of Ediemoti {drain, *Corrode rN+ Str+3}
   (Trog gifted it to you on level 2 of the Spider Nest)

   A truly terrible weapon, it drains the life of those it strikes.
   It affects your strength (+3).
   It protects you from negative energy.
   It may corrode your equipment when you take damage.
Armour
 f - a +2 plate armour of magic resistance (worn)
 i - a +0 cloak (worn)
 o - a +1 pair of boots (worn)
 p - a +1 shield of reflection (worn)
 J - a +2 hat of intelligence (worn)
Jewellery
 w - the ring of Ciucolur (left hand) {+Inv rElec rF+}
   (You bought it in a shop on level 4 of the Orcish Mines)

   [ring of invisibility]

   It protects you from fire.
   It insulates you from electricity.
   It lets you turn invisible.
 R - a +5 ring of slaying (right hand)
Magical devices
 c - a wand of heal wounds (1)
 g - a wand of invisibility (0)
 t - a wand of slowing (13)
 u - a wand of slowing (14)
 y - a wand of disintegration (8)
 A - a wand of fire (5)
 F - a wand of slowing (20)
 G - a wand of digging (7)
 T - a wand of draining (6)
 Y - a wand of cold (8)
Scrolls
 h - 4 scrolls of magic mapping
 j - 2 scrolls of remove curse
 s - 5 scrolls of fog
 C - a scroll of holy word
 D - 6 scrolls of teleportation
 E - a scroll of silence {unknown}
 H - a scroll of blinking
 L - 2 scrolls of identify
 M - 2 scrolls of recharging
 W - 2 scrolls of fear
Potions
 k - a potion of mutation
 m - 2 potions of curing
 x - a potion of brilliance
 B - 4 potions of flight
 U - a potion of might
Miscellaneous
 q - a phantom mirror
 I - a lamp of fire
 K - a plain deck of defence {drawn: 6}
 O - a disc of storms
 Q - a stone of tremors
 Z - a phial of floods
Comestibles
 d - 14 bread rations
 e - 3 slices of pizza
 l - a beef jerky
 n - 50 fruits
 r - 9 meat rations


   Skills:
 - Level 6.0 Fighting
 + Level 15.1 Axes
 - Level 15.2 Armour
 - Level 2.1 Dodging
 - Level 15.0 Shields
 - Level 15.0 Evocations


You had 14 spell levels left.
You didn't know any spells.

Dungeon Overview and Level Annotations

Branches:
Dungeon (9/15)             Temple (1/1) D:6            Lair (8/8) D:8
  Swamp (0/4) Lair:3       Spider (2/4) Lair:4        Slime (0/6) Lair:6
    Orc (4/4) D:9             Elf (1/3) Orc:4

Altars:
Ashenzari
Cheibriados
Dithmenos
Elyvilon
Fedhas
Gozag
Kikubaaqudgha
Makhleb
Nemelex Xobeh
Okawaru
Qazlal
Ru
Sif Muna
Trog
Vehumet
Xom
Yredelemnul
Zin
The Shining One
Beogh
Jiyva

Shops:
D:5 *   D:9 }   Orc:1 (   Orc:2 [   Orc:4 =[(=

Annotations:
Spider:1 exclusion: Roxanne, Roxanne
Elf:1 Azrael IceCv exclusion: ice statue


Innate Abilities, Weirdness & Mutations

You are resistant to damage.
You can recharge devices by infusing magical energy.
You resist negative energy.
You passively map the area around you.
You do not heal naturally.
Your system is resistant to poisons.


Message History

You feel much better.
This wand has 2 charges left.
You are engulfed in freezing vapours.
* * * LOW HITPOINT WARNING * * *
You block the ice beast's attack.
Evoke which item? (* to show all) (? for menu, Esc to quit)
Zapping:
c - a wand of heal wounds (2)
Press: ? - help, Shift-Dir - straight line, f - you You feel much better.
This wand has 1 charge left.
You are engulfed in freezing vapours.
* * * LOW HITPOINT WARNING * * *
You block the ice beast's attack.
You slash the ice statue!
The ice statue is severely damaged.
You slash the ice beast!
You kill the ice beast!
You are engulfed in freezing vapours.
* * * LOW HITPOINT WARNING * * *
The ice statue throws cold at you. The bolt of cold hits you!
You die...

#§.# , * , * * .#§##
* ### ,* *, * ##.§##
,,..# * * * ≈
.##§§## ,..## *
#.##§§## #..# , *
*** ..#§.§§# *##..#
≈≈* * * * ##§#.§##
.. #.§§## * , ,
###§.## #.§ *#§8§##
*, *
##.§####.§.*###§@§#*
, * , **
#...##..§####.#§###*
#..##§§§##≈≈##§#.#
,, * * ≈
#..§.§§##≈≈≈≈.#....#
** * *
##.§§###≈≈≈≈≈#######
##.## ####.## ##.##
##.## ##.###.##
##.#.##


You could see an ice statue.

Vanquished Creatures
  Norris (Spider:2)
  Gastronok (Orc:2)
  The ghost of totalnoob the Peltast, a mighty DsFi of Okawaru (Spider:1)
  Donald (Orc:4)
  Maud (Orc:2)
  A ghost moth (Spider:1)
  An orc warlord (Orc:4)
  A stone giant (Orc:3)
  Snorg (Orc:3)
  Erica (D:9)
  7 hydras
  7 death yaks
  Urug (Lair:2)
  2 orc high priests
  Sonja (Lair:1)
  Nergalle (Orc:1)
  An orc knight (Orc:2)
  2 orc sorcerers (Orc:4)
  5 orb spiders
  A griffon (Lair:6)
  8 ugly things (Spider:2)
  9 wolf spiders
  5 black mambas
  A gargoyle (D:9)
  4 komodo dragons
  9 spiny frogs
  The ghost of Ruokin the Shield-Bearer, an experienced GrFi of Dithmenos (D:4)
  5 fire drakes
  2 spriggan druids (Lair:8)
  A demonic crawler (Spider:1)
  A two-headed ogre (Orc:4)
  10 jumping spiders
  2 ravens (Lair:7)
  9 polar bears
  A queen bee (Orc:3)
  22 blink frogs
  3 trolls
  A boulder beetle (Lair:7)
  5 tarantellas
  4 trapdoor spiders
  A dire elephant simulacrum (IceCv)
  10 spriggans (Lair:8)
  17 yaks
  A hill giant zombie (D:9)
  Eustachio (D:4)
  15 redbacks
  4 basilisks
  A hungry ghost (D:9)
  26 wolves
  A neqoxec (Orc:4)
  9 hippogriffs
  5 vampire mosquitoes (Lair:3)
  A death yak simulacrum (IceCv)
  2 wargs (Orc:2)
  42 orc warriors
  10 porcupines
  11 water moccasins
  An ice beast (IceCv)
  10 spiders
  A hydra simulacrum (IceCv)
  8 black bears
  4 phantoms
  A sky beast (D:4)
  6 wasps (Lair:8)
  3 necrophages
  3 centaurs
  8 ogres
  13 giant frogs
  3 big kobolds (D:8)
  A brain worm (Lair:5)
  16 crocodiles
  2 scorpions
  2 troll zombies (D:9)
  20 killer bees
  5 wights (D:9)
  An elephant simulacrum (IceCv)
  A draconian simulacrum (IceCv)
  2 electric eels
  29 orc priests
  A centaur zombie (D:9)
  2 crimson imps
  4 jellies
  2 giant frog zombies
  6 hounds
  39 orc wizards
  A giant frog skeleton (D:9)
  8 iguanas
  5 spectral orcs (Orc:1)
  3 worker ants
  10 hell rats (Lair:4)
  A killer bee zombie (D:9)
  2 ogre zombies (D:9)
  35 sheep
  2 hound skeletons (D:9)
  A naga simulacrum (IceCv)
  An ogre simulacrum (IceCv)
  13 adders
  3 gnolls (D:4)
  72 river rats
  2 white imps (IceCv)
  2 shadow imps
  5 oozes
  An ufetubus (IceCv)
  A worm (D:3)
  2 adder skeletons
  An adder zombie (D:5)
  7 giant geckos
  181 orcs
  A bat skeleton (D:4)
  3 giant cockroaches
  14 hobgoblins
  8 kobolds
  5 quokkas
  A ball python (D:3)
  20 bats
  6 giant newts
  17 goblins
  2 goblin skeletons (D:9)
  3 hobgoblin skeletons (D:9)
  11 jackals
  3 orc skeletons (D:9)
  11 orc zombies (D:9)
  2 quokka skeletons
  A quokka zombie (D:9)
  28 rats
  A butterfly (Lair:5)
  8 fungi
  4 plants
1000 creatures vanquished.

Vanquished Creatures (collateral kills)
  A demonic crawler (Spider:1)
  A redback (Spider:1)
  2 tarantellas
  A spider (Spider:1)
5 creatures vanquished.

Vanquished Creatures (others)
  An orc warrior (Orc:4)
  An ufetubus (IceCv)
  An orc (Orc:4)
  2 fungi (Lair:8)
  3 plants
8 creatures vanquished.

Grand Total: 1013 creatures vanquished

Notes
Turn   | Place    | Note
--------------------------------------------------------------
     0 | D:1      | HeyJoe the Deep Dwarf Berserker began the quest for the Orb.
     0 | D:1      | Reached XP level 1. HP: 20/20 MP: 1/1
   142 | D:1      | Reached XP level 2. HP: 22/27 MP: 2/2
   207 | D:1      | Reached skill level 4 in Axes
   816 | D:2      | Reached XP level 3. HP: 24/33 MP: 3/3
   859 | D:2      | Found a burning altar of Makhleb.
   877 | D:2      | Reached skill level 5 in Axes
   943 | D:2      | Acquired Trog's second power
   968 | D:2      | Reached XP level 4. HP: 25/40 MP: 4/4
  1382 | D:3      | Reached skill level 6 in Axes
  1387 | D:3      | Reached XP level 5. HP: 28/46 MP: 5/5
  1687 | D:3      | Reached skill level 7 in Axes
  1888 | D:3      | Found an opulent altar of Gozag.
  2041 | D:4      | Noticed an ogre
  2049 | D:4      | Killed an ogre
  2049 | D:4      | Reached XP level 6. HP: 39/55 MP: 6/6
  2164 | D:4      | Reached skill level 8 in Axes
  2211 | D:4      | Noticed an ogre
  2216 | D:4      | Killed an ogre
  2290 | D:4      | Noticed Ruokin's ghost (experienced GrFi)
  2312 | D:4      | Killed Ruokin's ghost
  2312 | D:4      | Reached skill level 9 in Axes
  2312 | D:4      | Reached XP level 7. HP: 46/61 MP: 7/7
  2355 | D:4      | Noticed Eustachio
  2392 | D:4      | Killed Eustachio
  2392 | D:4      | Reached skill level 10 in Axes
  2687 | D:4      | Noticed a sky beast
  2698 | D:4      | Killed a sky beast
  2724 | D:4      | Reached XP level 8. HP: 33/68 MP: 8/8
  2974 | D:4      | Noticed a phantom
  2992 | D:4      | Killed a phantom
  3063 | D:5      | Entered Level 5 of the Dungeon
  3115 | D:5      | Found an iron altar of Okawaru.
  3293 | D:5      | Found Cufot's Assorted Antiques.
  3297 | D:5      | Bought a heavily runed chain mail for 180 gold pieces
  3307 | D:5      | Identified the cursed +1 chain mail of the Beekeeper {Dex+2} (You bought it in a shop on level 5 of the Dungeon)
  3428 | D:5      | Reached skill level 11 in Axes
  3522 | D:5      | Acquired Trog's third power
  3978 | D:6      | Reached skill level 5 in Armour
  4255 | D:6      | Found a staircase to the Ecumenical Temple.
  4261 | Temple   | Entered the Ecumenical Temple
  4759 | D:7      | Gained mutation: You passively map the area around you. [Deep Dwarf growth]
  4759 | D:7      | Reached XP level 9. HP: 32/73 MP: 9/9
  5694 | D:8      | Reached skill level 1 in Shields
  6002 | D:8      | Noticed a two-headed hydra
  6007 | D:8      | Killed a one-headed hydra
  6007 | D:8      | Reached skill level 10 in Armour
  6099 | D:8      | Found a staircase to the Lair.
  6103 | D:8      | Received a gift from Trog
  6110 | D:8      | Reached XP level 10. HP: 81/81 MP: 10/10
  6157 | D:8      | Reached skill level 12 in Armour
  6736 | D:8      | Got a coiled copper ring
  6737 | D:8      | Identified the ring "Fijaliwn" {rN+ MR- Int+7 Stlth+} (You found it on level 8 of the Dungeon)
  6819 | D:9      | Reached skill level 13 in Armour
  6910 | D:9      | Found a staircase to the Orcish Mines.
  7017 | D:9      | Noticed Erica
  7139 | D:9      | Found Olus Jua's Gadget Shoppe.
  7306 | D:9      | Reached XP level 11. HP: 52/88 MP: 11/11
  7325 | D:9      | Killed Erica
  7377 | D:9      | Found a stormy altar of Qazlal.
  7572 | D:9      | Found a basalt altar of Yredelemnul.
  7572 | D:9      | Found a shadowy altar of Dithmenos.
  7574 | D:9      | Found a shattered altar of Ashenzari.
  7688 | D:9      | Found a glowing silver altar of Zin.
  7690 | D:9      | Found a sacrificial altar of Ru.
  7795 | Orc:1    | Entered Level 1 of the Orcish Mines
  7795 | Orc:1    | Found Baurph's Weapon Shop.
  7927 | Orc:1    | Noticed Nergalle
  7954 | Orc:1    | Killed Nergalle
  8183 | Orc:1    | Received a gift from Trog
  8422 | Orc:2    | Noticed Gastronok
  8487 | Orc:2    | Killed Gastronok
  8487 | Orc:2    | Reached skill level 14 in Axes
  8853 | Orc:2    | HP: 3/90 [orc knight/long sword (17)]
  9024 | Orc:2    | Found Jubo's Armour Emporium.
  9049 | Orc:2    | Received a gift from Trog
  9057 | Orc:2    | Bought a +0 large shield for 58 gold pieces
  9086 | Orc:2    | Noticed Maud
  9116 | Orc:2    | Killed Maud
  9116 | Orc:2    | Reached skill level 15 in Axes
  9325 | Orc:3    | Noticed an orc high priest
  9361 | Orc:2    | Reached XP level 12. HP: 43/102 MP: 12/12
  9399 | Orc:3    | Killed an orc high priest
  9399 | Orc:3    | Reached skill level 5 in Fighting
  9582 | Orc:3    | Noticed Snorg
  9605 | Orc:3    | Killed Snorg
  9733 | Orc:3    | Noticed a stone giant
  9767 | Orc:3    | Killed a stone giant
 10154 | Orc:4    | Entered Level 4 of the Orcish Mines
 10427 | Orc:4    | Found a roughly hewn altar of Beogh.
 10490 | Orc:4    | Found a roughly hewn altar of Beogh.
 10578 | Orc:4    | Found a roughly hewn altar of Beogh.
 10633 | Orc:4    | Found Nopanoj's Jewellery Shop.
 10961 | Orc:4    | Found a staircase to the Elven Halls.
 11000 | Elf:1    | Entered Level 1 of the Elven Halls
 11000 | Elf:1    | Noticed Azrael
 11032 | Orc:4    | Received a gift from Trog
 11038 | Orc:4    | Noticed Donald
 11282 | Orc:4    | Killed Donald
 11282 | Orc:4    | Reached skill level 15 in Armour
 11429 | Orc:4    | Found a roughly hewn altar of Beogh.
 11479 | Orc:4    | Reached skill level 5 in Shields
 11513 | Orc:4    | Found Jicricw's Jewellery Boutique.
 11741 | Orc:4    | Noticed an orc warlord
 11837 | Orc:4    | Killed an orc warlord
 11999 | Orc:4    | Found Besum's Antique Weapon Emporium.
 12000 | Orc:4    | Found a roughly hewn altar of Beogh.
 12004 | Orc:4    | Found Vesch's Antique Armour Shoppe.
 12021 | Orc:4    | Bought an ichor-stained shield for 237 gold pieces
 12027 | Orc:4    | Bought a shimmering war axe for 221 gold pieces
 12106 | Orc:4    | Bought the ring of Ciucolur {+Inv rElec rF+} for 765 gold pieces
 12118 | Orc:4    | Identified the +1 shield "Arghagef" {+Fly rF+ Str+2 Slay-4} (You bought it in a shop on level 4 of the Orcish Mines)
 12128 | Orc:4    | Identified the +7 war axe of Checks and Balances {chop, MR+} (You bought it in a shop on level 4 of the Orcish Mines)
 12328 | Lair:1   | Entered Level 1 of the Lair of Beasts
 12372 | Lair:1   | Reached XP level 13. HP: 57/111 MP: 7/7
 12666 | Lair:1   | Noticed Sonja
 12673 | Lair:1   | Killed Sonja
 13135 | Lair:2   | Received a gift from Trog
 13143 | Lair:2   | Noticed Urug
 13322 | Lair:2   | Killed Urug
 13750 | Lair:2   | Gained mutation: Your system is resistant to poisons. [potion of beneficial mutation]
 13858 | Lair:3   | Reached skill level 10 in Shields
 14167 | Lair:3   | Found a staircase to the Swamp.
 14759 | Lair:4   | Found a hole to the Spider Nest.
 14977 | Lair:4   | Received a gift from Trog
 15922 | Lair:5   | Got a bloodstained trident
 16141 | Lair:5   | Identified the +8 trident "Demonslayer" {venom, rN+ Dex+3 Stlth+} (You found it on level 5 of the Lair of Beasts)
 16512 | Lair:5   | Received a gift from Trog
 16638 | Lair:6   | Found a staircase to the Slime Pits.
 16743 | Lair:6   | Gained mutation: You resist negative energy. [Deep Dwarf growth]
 16743 | Lair:6   | Reached XP level 14. HP: 95/120 MP: 8/8
 18266 | Lair:7   | Received a gift from Trog
 18291 | Lair:7   | Got a glittering glass ring
 18293 | Lair:7   | Identified the ring of Koceichiurch {+/*Tele rF+ MR+} (You found it on level 7 of the Lair of Beasts)
 18817 | Lair:7   | Reached skill level 15 in Shields
 18991 | Lair:8   | Entered Level 8 of the Lair of Beasts
 19042 | Lair:8   | Reached skill level 1 in Evocations
 19250 | Lair:8   | Reached skill level 5 in Evocations
 19541 | Lair:8   | Received a gift from Trog
 19715 | Lair:8   | Received a gift from Trog
 19919 | Lair:8   | Found a viscous altar of Jiyva.
 19919 | Lair:8   | Found a staircase to the Slime Pits.
 20182 | Lair:8   | Reached skill level 10 in Evocations
 20549 | Spider:1 | Entered Level 1 of the Spider Nest
 20660 | Spider:1 | Killed a ghost moth
 20721 | Spider:1 | Noticed totalnoob's ghost (mighty DsFi)
 20738 | Spider:1 | Killed totalnoob's ghost
 20739 | Spider:1 | Reached XP level 15. HP: 77/126 MP: 12/15
 20769 | Spider:1 | Got an ichor-stained mace
 20826 | Spider:1 | Identified the +9 mace "Peph" {flame, +Rage rElec MP+9 Dex+2} (You found it on level 1 of the Spider Nest)
 20888 | Spider:1 | Noticed Roxanne
 21753 | Spider:2 | Noticed Norris
 21760 | Spider:2 | XOM: confuse monster(s)
 21770 | Spider:2 | Received a gift from Trog
 21790 | Spider:2 | Killed Norris
 21803 | Spider:2 | Reached skill level 15 in Evocations
 21804 | Spider:2 | Got a smoking war axe {god gift}
 21810 | Spider:2 | Found a frozen archway.
 21819 | IceCv    | Entered an ice cave
 22116 | IceCv    | Identified the +8 war axe of Ediemoti {drain, *Corrode rN+ Str+3} (Trog gifted it to you on level 2 of the Spider Nest)
 22230 | IceCv    | Killed from afar by an ice statue

Vault maps used:
D:1:      zelgadis_glass_arrival_small
D:2:      first_bread, st_stairs_11, makhleb_heckhound_becter
D:3:      grunt_gozag_statues
D:4:      uniq_eustachio
D:5:      okawaru_gym_becter, serial_shops, shop, serial_corexii_hall,
          corexii_hall_statues_s, corexii_hall_statues_l,
          corexii_hall_statues_deadend, corexii_hall_statues_i,
          corexii_hall_statues_deadend, corexii_hall_statues_i
D:6:      minmay_temple_entry_hall, kennysheep_generic_room_2
D:7:      kennysheep_donut
D:8:      minmay_lair_entry_grove, hangedman_ranch
D:9:      nicolae_overflow_hidden_temple, zombieorc1_lemuel, serial_shops, shop,
          serial_undead, serial_undead_e, serial_undead_a, serial_undead_b,
          serial_undead_b, basic_altar, uniq_erica
Temple:   temple_eino_lava_12
Lair:1:   lemuel_fruit_fields, uniq_sonja
Lair:2:   grunt_megastairs_3, uniq_urug
Lair:3:   minmay_swamp_entry_swarm
Lair:4:   lemuel_ratsnest, spider_nest_entry_a, grunt_forest_large_clearings
Lair:5:   nicolae_lair_grove_arrangements, grunt_forest_small_clearing_treed,
          lemuel_fruit_tree, lemuel_fruit_fields
Lair:6:   nicolae_slime_entry_slimehenge
Lair:7:   roderic_ravens_nest
Lair:8:   minmay_lair_end_enchanted_forest, dpeg_slime_entry_enclosed_altar,
          bh_autumn_forest_stairs
Spider:1: uniq_roxanne
Spider:2: portal_ice_cave_entry_ugly_swarm, uniq_norris
Orc:1:    serial_shops, shop, uniq_nergalle
Orc:2:    serial_shops, shop, special_room, uniq_gastronok, uniq_maud
Orc:3:    special_room, nicolae_orc_pool_cavern, uniq_snorg
Orc:4:    grunt_orc_community_town_hall, grunt_orc_community_big_house_2,
          grunt_orc_community_big_house_2, grunt_orc_community_house_3,
          grunt_orc_community_house_3, grunt_orc_community_house_3,
          grunt_orc_community_house_3, grunt_orc_community_house_1,
          grunt_orc_community_house_1, uniq_donald
Elf:1:    basic_altar, orc_legates, minmay_misc_feat_five, nicolae_elf_w_pinch,
          uniq_azrael
IceCv:    ice_cave_caverns_02

Action                   |  1- 3 |  4- 6 |  7- 9 | 10-12 | 13-15 || total
-------------------------+-------+-------+-------+-------+-------++-------
Melee: Hand axe          |    79 |   188 |   277 |       |   108 ||   652
       War axe           |       |       |   189 |  1224 |  1047 ||  2460
Invok: Berserk           |     2 |     8 |    15 |    30 |    14 ||    69
       Trog's Hand       |       |       |     2 |    15 |    14 ||    31
       Burn Spellbooks   |       |       |       |       |     6 ||     6
 Abil: Device Recharging |       |       |       |     6 |     3 ||     9
       Evoke Invisibilit |       |       |       |       |     2 ||     2
Evoke: Wand              |       |     2 |     3 |    26 |    42 ||    73
       Deck              |       |       |       |    11 |     6 ||    17
       Disc of storms    |       |       |       |       |     4 ||     4
       Stone of tremors  |       |       |       |       |     1 ||     1
       Phial of floods   |       |       |       |       |     1 ||     1
  Use: Scroll            |       |       |    18 |     9 |     9 ||    36
       Potion            |       |       |     1 |    10 |    12 ||    23
 Stab: Distracted        |       |       |       |     1 |       ||     1
       Invisible         |       |       |       |    32 |    20 ||    52
       Paralysed         |       |       |       |       |     7 ||     7
       Fleeing           |       |       |       |       |     1 ||     1
       Confused          |       |       |       |       |     1 ||     1
  Eat: Chunk             |     2 |    12 |    27 |    44 |    28 ||   113
       Beef jerky        |       |       |     1 |     1 |     1 ||     3
       Fruit             |       |       |       |     4 |     1 ||     5
       Pizza             |       |       |       |     3 |     6 ||     9
       Royal jelly       |       |       |       |     2 |     6 ||     8
